 Dungeon Crawl Stone Soup version 0.23.1-38-g628c18f (console) character file.

Game seed: 16851475109406442601

199 fly the Covered (level 5, -19/32 HPs)
             Began as a Tengu Fighter on Mar 28, 2019.
             Demolished by an ogre
             ... wielding a +0 giant club
              (23 damage)
             ... on level 4 of the Dungeon.
             The game lasted 00:03:59 (2297 turns).

fly the Covered (Tengu Fighter)                     Turns: 2297, Time: 00:03:59

Health: -19/32     AC: 11    Str: 16    XL:     5   Next: 77%
Magic:  0/6        EV:  4    Int: 13    God:
Gold:   177        SH:  9    Dex: 15    Spells: 4/4 levels left

rFire    . . .     SeeInvis .   a - +0 long sword
rCold    . . .     Gourm    .   v - +0 shield
rNeg     . . .     Faith    .   y - +0 chain mail
rPois    +         Spirit   +   (helmet restricted)
rElec    .         Reflect  .   (no cloak)
rCorr    .         Harm     .   r - +0 pair of gloves
MR       .....                  (boots unavailable)
Stlth    ..........             b - amulet of guardian spirit
HPRegen  0.10/turn              k - +5 ring of intelligence
MPRegen  0.10/turn              q - ring of poison resistance

@: no status effects
A: beak, talons 3, able to fly
a: Fly


You were on level 4 of the Dungeon.
You were hungry.

You visited 1 branch of the dungeon, and saw 4 of its levels.

You collected 177 gold pieces.

Inventory:

Hand Weapons
 a - a +0 long sword (weapon)
Armour
 r - a +0 pair of gloves (worn)
 v - a +0 shield (worn)
 y - a +0 chain mail (worn)
Jewellery
 b - an amulet of guardian spirit (around neck)
 c - a cursed amulet of inaccuracy {unknown}
 k - a +5 ring of intelligence (left hand)
 q - a ring of poison resistance (right hand)
Wands
 n - a wand of polymorph (2)
Scrolls
 e - 2 scrolls of blinking
 g - a scroll of remove curse
 h - 2 scrolls of amnesia {unknown}
 i - 3 scrolls of teleportation
 l - a scroll of fog {unknown}
 s - a scroll of random uselessness {unknown}
Potions
 d - a potion of might
 m - a potion of mutation
 o - a potion of haste {unknown}
 p - a potion of heal wounds {unknown}
Comestibles
 f - 7 rations


   Skills:
 - Level 3.0 Fighting
 - Level 3.0 Long Blades
 + Level 5.1 Armour
 + Level 4.6 Shields


You had 4 spell levels left.
You didn't know any spells.
Your spell library was empty.

Dungeon Overview and Level Annotations

Branches:
Dungeon (4/15)
 Temple: D:4-7

Altars:
Fedhas
Makhleb

Annotations:
D:3 2 transporters, grocchini's ghost, amateur MiBe


Innate Abilities, Weirdness & Mutations

You have a beak for a mouth.
You have claws for feet.
You can fly continuously.


Message History

f - 7 rations (gained 1)
c - a dented fluorescent amulet You now have 177 gold pieces (gained 9).
An ogre comes into view. It is wielding a +0 giant club.
The ogre shouts!
You hear an angry hiss.
You hear a shout!
A leopard gecko comes into view.
An orc comes into view. It is wielding a +0 falchion.
You barely miss the ogre. Your kick misses the ogre. You peck the ogre.
The ogre is lightly wounded.
The ogre hits you with a +0 giant club!
You hit the ogre. You claw the ogre. You peck the ogre, but do no damage.
The ogre is heavily wounded.
The ogre hits you with a +0 giant club!!
Ouch! That really hurt!
* * * LOW HITPOINT WARNING * * *
You hit the ogre. You claw the ogre!
The ogre is almost dead.
The ogre hits you with a +0 giant club!!
Ouch! That really hurt!
You die...

#####
.........#
#....
........##
#.###
........
#.#..
.o....#
#.#.#..
.....
#.#.#..
.l.
#.#.#..
#O#
#.#.#<.
#@#
#.#.##.
#.#
#.#..).
#####.###
##.#####
#.......#
#.#.......
#.......#
#.#..#####
#.......#
#.#..#
#.......#
#.#..#
#.......#
#.#..#
##....###
#.#..#


You could see an ogre, an orc and a leopard gecko.

Vanquished Creatures
  A howler monkey (D:4)
  Terence (D:3)
  Ijyb (D:3)
  3 adders
  3 worms
  2 leopard geckos
  4 orcs (D:3)
  4 giant cockroaches
  11 goblins
  8 hobgoblins
  6 jackals
  2 kobolds
  3 quokkas (D:2)
  10 bats
  7 frilled lizards
  5 rats
71 creatures vanquished.

Notes
Turn   | Place    | Note
-------+----------+-------------------------------------------
     0 | D:1      | fly the Tengu Fighter began the quest for the Orb.
     0 | D:1      | Reached XP level 1. HP: 14/14 MP: 2/2
    54 | D:1      | Reached XP level 2. HP: 11/19 MP: 3/3
   295 | D:1      | Reached XP level 3. HP: 19/23 MP: 4/4
   670 | D:2      | Reached skill level 4 in Armour
   829 | D:2      | Found a burning altar of Makhleb.
   868 | D:2      | Reached XP level 4. HP: 28/28 MP: 5/5
  1482 | D:3      | Noticed Terence
  1496 | D:3      | Killed Terence
  1510 | D:3      | Noticed Ijyb
  1525 | D:3      | Killed Ijyb
  1525 | D:3      | Gained mutation: You can fly continuously. [Tengu growth]
  1525 | D:3      | Reached XP level 5. HP: 21/32 MP: 6/6
  1645 | D:3      | Found a transporter.
  1645 | D:3      | Noticed grocchini's ghost (amateur MiBe)
  1648 | D:3      | Found a transporter.
  1673 | D:3      | Found a blossoming altar of Fedhas.
  2259 | D:4      | Reached skill level 5 in Armour
  2293 | D:4      | Noticed an ogre
  2297 | D:4      | Demolished by an ogre

Skill      XL: |  1  2  3  4  5 |
---------------+----------------+-----
Long Blades    | 3 |  3.0
Armour         | 4 5 |  5.1
Shields        | 4 |  4.6
Fighting       | |  3.0

Action                   |  1- 3 |  4- 6 || total
-------------------------+-------+-------++-------
Melee: Long sword        |    84 |    99 ||   183
       Kick              |    15 |    33 ||    48
       Peck              |     6 |    13 ||    19
       Unarmed           |       |     5 ||     5
  Use: Scroll            |       |     6 ||     6
  Eat: Chunk             |       |     4 ||     4
Armor: Scale mail        |    35 |    21 ||    56
       Chain mail        |       |    22 ||    22
       Skin              |       |     2 ||     2
Dodge: Dodged            |    23 |    24 ||    47
Block: Shield            |    40 |    31 ||    71
       Rpst.: Long sword |     8 |     6 ||    14
